Map: Givre EC

Players

Zergeroni

  • Race: Zerg Zerg
  • League: Gold

seaLiFe - Winner!

  • Race: Terran Terran
  • League: Gold

VOD

Have the link to the VOD?

Description

Time

  • Played on: Oct. 5, 2016, 9:01 a.m.
  • Length: 14:55
Show
View Real Time Build Order
Export as new Build Order

Zergeroni Zerg 

Build Orders: Pool First 

Get SALT Encoding   

  12  0:01  Drone  
  13  0:13  Overlord  
  13  0:17  Drone  
  14  0:33  Drone x2  
  14  0:35  Drone  
  17  0:39  Extractor  
  16  0:45  Drone  
  17  0:54  Spawning Pool  
  16  1:03  Drone  
  17  1:24  Hatchery  
  16  1:27  Drone  
  16  1:31  Drone  
  18  1:41  Drone  
  18  1:43  Metabolic Boost  
  19  1:52  Overlord  
  19  2:04  Queen  
  21  2:09  Zergling x2  
  22  2:22  Zergling x4  
  24  2:39  Drone x3  
  24  2:43  Extractor  
  24  2:44  Queen  
  26  2:46  Overlord  
  28  2:58  Baneling Nest  
  26  3:24  Drone x4  
  26  3:25  Drone x4  
  32  3:38  Zergling x4  
  34  3:55  Lair  
  34  3:57  Hatchery  
  33  4:04  Evolution Chamber  
  32  4:10  Zergling x6  
  32  4:17  Drone x3  
  37  4:22  Drone x2  
  40  4:37  Overlord  
  40  4:38  Overlord  
  40  4:43  Zerg Ground Armor Level 1  
  40  4:47  Evolution Chamber  
  39  5:03  Drone x2  
  39  5:05  Hatchery  
  40  5:07  Drone x2  
  42  5:14  Zerg Melee Weapons Level 1  
  42  5:15  Drone  
  42  5:20  Baneling x2  
  43  5:21  Drone  
  43  5:22  Drone  
  43  5:25  Drone  
  46  5:37  Spore Crawler  
  46  5:39  Spore Crawler  
  44  5:43  Spire, Drone  
  44  5:44  Drone  
  44  5:46  Drone  
  46  5:57  Drone  
  46  5:58  Drone x4  
  46  6:00  Drone  
  46  6:01  Drone  
  46  6:04  Drone  
  54  6:14  Zergling x8  
  54  6:16  Overseer  
  54  6:27  Drone x3  
  54  6:28  Drone x4  
  61  6:38  Zergling x6  
  64  6:40  Overlord x2  
  64  6:41  Overlord  
  64  6:49  Zerg Ground Armor Level 2  
  64  6:51  Overlord  
  64  6:58  Queen  
  64  7:00  Zergling x4  
  68  7:05  Queen  
  68  7:06  Zergling x2  
  68  7:07  Zergling x14  
  78  7:11  Corruptor  
  78  7:15  Corruptor  
  82  7:22  Baneling x2  
  82  7:23  Baneling x2  
  82  7:25  Zergling x12  
  82  7:26  Zergling x2  
  86  7:39  Zergling x2  
  86  7:40  Zergling x16  
  95  7:44  Overlord  
  90  8:03  Pneumatized Carapace  
  90  8:08  Infestation Pit  
  89  8:19  Zergling x2  
  90  8:20  Zergling x22  
  75  8:34  Zergling x2  
  75  8:35  Zergling x6  
  79  8:44  Baneling  
  79  8:47  Zergling x8  
  81  8:58  Zergling x6  
  81  8:59  Zergling x2  
  78  9:07  Zergling x2  
  78  9:08  Zergling x6  
  78  9:09  Baneling x3  
  82  9:10  Baneling  
  82  9:12  Hive  
  82  9:18  Corruptor x2  
  86  9:29  Corruptor x2  
  90  9:35  Zergling x8  
  90  9:38  Baneling x4  
  94  9:44  Extractor  
  94  9:45  Extractor  
  92  9:48  Extractor  
  84  10:27  Zerg Melee Weapons Level 2  
  84  10:30  Zergling x22  
  84  10:31  Zergling x16  
  103  10:40  Overlord x2  
  96  11:19  Viper x2  
  96  11:24  Zergling x2  
  96  11:25  Zergling x10  
  107  11:26  Zergling x6  
  107  11:28  Drone x3  
  107  11:31  Extractor  
  113  11:33  Extractor, Drone  
  113  11:34  Drone x2  
  115  11:41  Extractor  
  114  11:47  Zerg Flyer Armor Level 1  
  114  12:18  Overseer  
  114  12:31  Drone  
  114  12:32  Drone x5  
  114  12:34  Overlord x4  
  120  12:53  Zergling x2  
  120  12:54  Zergling x8  
  120  12:56  Viper x3  
  132  13:13  Zergling x22  
  132  13:14  Zergling x8  
  68  13:41  Zergling x2  
  68  13:42  Zergling x12  
  70  13:51  Zergling x2  
  70  13:52  Zergling x2  
  68  14:05  Baneling  
  68  14:06  Baneling x13  
  68  14:17  Zergling x12  
  57  14:25  Zergling x2  
  57  14:38  Zergling x2  
  42  14:49  Hatchery  
Show
View Real Time Build Order
Export as new Build Order

seaLiFe Terran - Winner!

Build Orders: Command Center First (CC), Mech 

Get SALT Encoding   

  12  0:03  SCV  
  13  0:15  SCV  
  14  0:24  Supply Depot  
  14  0:31  SCV  
  15  0:46  SCV  
  16  1:03  Command Center  
  16  1:12  Barracks  
  16  1:16  Refinery  
  16  1:19  SCV  
  17  1:29  Refinery  
  17  1:31  SCV  
  18  1:43  SCV  
  19  1:51  Supply Depot  
  19  1:59  Orbital Command  
  19  2:16  Factory  
  19  2:25  Bunker  
  19  2:35  Marine  
  20  2:46  Orbital Command  
  20  2:53  SCV, Marine  
  22  3:01  Factory Tech Lab  
  22  3:05  SCV  
  22  3:23  Factory  
  22  3:26  SCV x2  
  23  3:38  SCV x2  
  25  3:57  Command Center  
  25  4:07  Marine  
  26  4:12  Factory Reactor  
  26  4:17  SCV x2  
  28  4:25  Marine  
  28  4:27  Armory  
  28  4:29  SCV  
  28  4:30  SCV  
  31  4:33  Armory  
  31  4:44  SCV x2  
  33  4:47  Siege Tank  
  38  4:53  Hellion  
  38  4:56  SCV x2  
  40  5:03  Supply Depot  
  40  5:08  SCV  
  40  5:10  Engineering Bay  
  41  5:19  Siege Tank  
  45  5:21  SCV x2  
  46  5:33  SCV  
  46  5:34  Engineering Bay  
  47  5:38  Missile Turret  
  47  5:45  Missile Turret x2  
  47  5:48  Planetary Fortress  
  47  5:51  Siege Tank  
  47  5:54  Hellion  
  47  5:55  Hellion  
  54  6:02  SCV x2  
  56  6:08  Factory  
  56  6:16  Factory  
  56  6:23  Siege Tank  
  59  6:31  Hellion x2  
  63  6:46  Hellion x3  
  63  6:55  Siege Tank  
  63  6:56  SCV  
  67  7:01  Refinery  
  67  7:03  Refinery  
  67  7:08  SCV  
  68  7:16  SCV  
  69  7:25  Supply Depot  
  69  7:26  Supply Depot  
  69  7:28  Supply Depot  
  69  7:30  Supply Depot  
  69  7:33  SCV x3  
  69  7:34  Siege Tank  
  65  7:45  SCV x3, Factory Tech Lab  
  65  7:47  Factory Tech Lab  
  68  7:52  Hellbat x2  
  68  7:57  SCV  
  73  8:05  Thor  
  73  8:10  Hellbat  
  73  8:11  Hellbat  
  83  8:13  SCV x2  
  83  8:14  Hellbat x2  
  89  8:32  Hellion x2  
  77  8:35  Hellbat x2  
  75  8:49  Hellbat  
  75  8:53  Hellion x5  
  75  8:54  Hellion  
  81  8:56  Hellion  
  81  8:57  Hellion  
  77  9:09  SCV x3  
  80  9:10  Siege Tank  
  80  9:14  Siege Tank  
  80  9:15  Siege Tank  
  80  9:16  Infernal Pre-Igniter  
  89  9:18  Hellion x2  
  93  9:31  SCV  
  94  9:35  Refinery  
  94  9:39  Refinery, Hellion x2  
  94  9:43  SCV  
  99  9:48  Supply Depot  
  99  9:49  Supply Depot  
  99  9:55  SCV  
  99  9:57  Siege Tank  
  101  10:10  Siege Tank, SCV, Thor  
  101  10:13  Hellbat x2  
  113  10:22  SCV  
  112  10:29  Siege Tank  
  112  10:35  Hellbat, Terran Vehicle Weapons Level 1  
  117  10:36  Terran Vehicle And Ship Armor Level 1  
  117  10:51  Supply Depot  
  117  10:54  Supply Depot x2  
  117  10:56  Command Center  
  117  10:57  Supply Depot  
  117  11:12  Thor  
  117  11:13  SCV  
  117  11:15  Hellbat x3  
  117  11:16  Thor  
  136  11:25  SCV  
  137  11:37  Hellbat x3, SCV  
  144  11:42  Supply Depot  
  144  11:43  SCV x2  
  144  11:44  Supply Depot  
  144  11:46  Supply Depot  
  146  11:49  SCV  
  147  11:55  SCV x2  
  147  12:01  Supply Depot  
  149  12:04  Hellbat x3, SCV  
  149  12:05  Thor  
  149  12:07  Thor  
  168  12:08  Planetary Fortress  
  168  12:12  Missile Turret  
  168  12:25  Thor  
  168  12:26  Hellbat x2  
  168  12:28  SCV  
  179  12:47  Hellbat x2  
  179  12:49  Hellbat  
  179  12:51  Hellbat  
  187  13:17  Refinery x2  
  157  13:43  Hellbat  
  157  13:44  Hellbat x4  
  167  14:05  Hellbat x4  
  167  14:06  Hellbat  
  161  14:26  Hellbat  
Tags
 
Add a new tag
Caveats
  • Supply blocks, unpowered buildings, or Contaminate may cause inaccurate times.
  • Supply counts are checked every 10 seconds.